 Dungeon Crawl Stone Soup version 0.28-a0-535-g6f645e4c1d (webtiles) character file.

Game seed: 15600651420404595647

3581 Tinkle the Severer (level 9, -7/75 HPs)
             Began as a Minotaur Berserker on Sept 24, 2021.
             Was a Priest of Trog.
             Killed by the air
             ... invoked by Gastronok
              (25 damage)
             ... on level 8 of the Dungeon on Sept 27, 2021.
             The game lasted 00:35:28 (11155 turns).

Tinkle the Severer (Minotaur Berserker)            Turns: 11155, Time: 00:35:29

Health: -7/75      AC:  7    Str: 25    XL:     9   Next: 84%
Magic:  0/8        EV: 11    Int:  5    God:    Trog [***...]
Gold:   1042       SH:  0    Dex:  9    Spells: 8/8 levels left

rFire   . . .      SeeInvis .   a - +0 war axe
rCold   . . .      Faith    .   (no shield)
rNeg    . . .      Spirit   +   q - +3 leather armour
rPois   .          Reflect  .   (helmet restricted)
rElec   .          Harm     .   (no cloak)
rCorr   .          Rampage  .   f - +0 pair of gloves
Will    ++...                   (no boots)
Stlth   +.........              l - amulet of guardian spirit
HPRegen 1.22/turn               o - +4 ring of slaying
MPRegen 0.11/turn               (no ring)

@: strong-willed (expiring), regenerating (expiring)
A: horns 2, retaliatory headbutt
a: Renounce Religion, Berserk, Trog's Hand


You were on level 8 of the Dungeon.
You worshipped Trog.
Trog was most pleased with you.
You visited 1 branch of the dungeon, and saw 9 of its levels.

You collected 1102 gold pieces.
You spent 60 gold pieces at shops.

Inventory:

Hand Weapons
 a - a +0 war axe (weapon)
Missiles
 k - a curare-tipped dart
 s - 29 poisoned darts (quivered)
 t - 5 boomerangs of dispersal
Armour
 f - a +0 pair of gloves (worn)
 q - a +3 leather armour (worn)
Jewellery
 l - an amulet of guardian spirit (around neck)
 o - a +4 ring of slaying (left hand)
 y - an amulet of faith
Wands
 i - a wand of charming (6)
 m - a wand of iceblast (14)
 x - a wand of digging (7)
Scrolls
 b - a scroll of enchant weapon
 d - a scroll of fear
 e - a scroll of identify
 p - a scroll of fog
 v - a scroll of brand weapon {unknown}
 w - a scroll of teleportation
Potions
 c - a potion of haste
 g - a potion of magic
 h - 3 potions of curing
 j - a potion of invisibility {unknown}
 n - a potion of heal wounds
 r - a potion of flight
 u - a potion of brilliance {unknown}


   Skills:
 + Level 5.8 Fighting
 - Level 16.0 Axes
 - Level 2.4 Armour
 - Level 2.1 Dodging
 + Level 2.0 Evocations


You had 8 spell levels left.
You didn't know any spells.
Your spell library was empty.

Dungeon Overview and Level Annotations

Branches:
Dungeon (9/15)             Temple (0/1) D:6            Lair (0/6) D:8
    Orc: D:9-12

Altars:
Elyvilon
Hepliaklqana
Kikubaaqudgha
Nemelex Xobeh
Ru
Wu Jian
Xom
The Shining One

Shops:
D:1 *   D:6 [

Annotations:
D:3 Need Lev
D:7 4 runed translucent doors, Crazy Yiuf; Sargento's ghost, novice MiBe; TrogsFancyHat's ghost, novice FoEE
D:8 Gastronok


Innate Abilities, Weirdness & Mutations

You have a pair of horns on your head.
You reflexively headbutt those who attack you in melee.


Message History

The water moccasin moves out of view.
The water moccasin barely misses you. You furiously retaliate!
You headbutt the water moccasin!
The water moccasin bites you but does no damage.
You hit the water moccasin.
The water moccasin is heavily wounded.
The water moccasin bites you but does no damage.
You slice the water moccasin!!
You kill the water moccasin!
Trog accepts your kill.
Your Evocations skill increases to level 2!
No target in view!
Found a staircase to the Lair.
x - a wand of digging (7)
y - an amulet of faith Gastronok gurgles horribly!
Gastronok's eyestalks quiver as he mumbles some strange words.
Gastronok puts on a burst of speed!
Gastronok wobbles crazily.
Gastronok bites you!!!
You are too injured to fight recklessly!
You are too injured to fight recklessly!
You are too injured to fight recklessly!
Throw: 29 darts (poison)
Press: ? - help, Q - select action, (/) - cycle Shift-Dir - straight line, f - Gastronok
Aim: Gastronok, wearing a +2 hat (covering ground quickly, 93% to hit)
Okay, then.
Press: ? - help, v - describe, . - travel
Here: Gastronok, wearing a +2 hat (covering ground quickly)
The floor.
Your skin crawls.
You feel strong-willed.
You can no longer call in reinforcements.
Gastronok waves his eye-stalks in wide circles.
The air twists around and strikes you!!
* * * LOW HITPOINT WARNING * * *
You feel the effects of Trog's Hand fading.
Gastronok waves his eye-stalks in wide circles.
The air twists around and strikes you!!
You die...

....###.......#
.#............## ######
####...........# ##....#### #
##..........># #........#
##..†........# #........##
##............# #...w.....#
#.............####..........#
............##..##..........#
............###.@...........#
...........## ###...........#
..........## ##...........
.........## #...........
........## ##..........
.......## #......... .....###
#........ ###### ##..... #


You could see Gastronok (swift).

Vanquished Creatures
  Grinder (D:5)
  A wraith (D:8)
  2 steam dragons
  Menkaure (D:5)
  2 water moccasins
  An orc warrior (D:7)
  A necrophage (D:6)
  3 centaurs
  2 ogres
  A phantom (D:5)
  Blork the orc (D:4)
  2 kobold brigands (D:7)
  A bullfrog (D:6)
  4 scorpions
  A water moccasin skeleton (D:4)
  6 killer bees (D:7)
  7 wights
  3 howler monkeys
  4 crimson imps (D:7)
  An orc priest (D:5)
  2 jellies
  2 bullfrog skeletons
  A hound (D:5)
  Ijyb (D:4)
  2 iguanas (D:5)
  Natasha (thrice) (D:2)
  2 orc wizards
  A killer bee zombie (D:6)
  A howler monkey zombie (D:5)
  4 gnolls (D:2)
  5 adders
  2 shadow imps
  A white imp (D:7)
  An ufetubus (D:6)
  2 worms (D:4)
  2 dart slugs
  21 orcs
  7 bats
  5 endoplasms
  4 giant cockroaches
  12 goblins
  11 hobgoblins
  6 jackals
  7 quokkas
  6 ball pythons
  5 frilled lizards
  5 kobolds
  7 rats
173 creatures vanquished.

Vanquished Creatures (others)
  2 plants (D:6)
  6 withered plants (D:7)
8 creatures vanquished.

Grand Total: 181 creatures vanquished

Notes
Turn   | Place    | Note
-------+----------+-------------------------------------------
     0 | D:1      | Tinkle the Minotaur Berserker began the quest for the Orb.
     0 | D:1      | Reached XP level 1. HP: 19/19 MP: 0/0
   206 | D:1      | Reached skill level 4 in Axes
   206 | D:1      | Reached XP level 2. HP: 22/27 MP: 1/1
   406 | D:1      | Found Riceckaq's General Store.
   540 | D:1      | Reached ** piety under Trog
   769 | D:1      | Reached XP level 3. HP: 28/34 MP: 2/2
  1074 | D:2      | Noticed Natasha
  1077 | D:2      | Killed Natasha
  1078 | D:2      | Reached XP level 4. HP: 41/41 MP: 3/3
  1094 | D:2      | Reached skill level 5 in Fighting
  1094 | D:2      | Reached skill level 5 in Axes
  1138 | D:2      | Found a faded altar of an unknown god.
  1496 | D:2      | Reached skill level 6 in Axes
  1735 | D:2      | Noticed Natasha
  1742 | D:2      | Killed Natasha
  1743 | D:2      | Reached XP level 5. HP: 40/48 MP: 1/4
  1805 | D:2      | Noticed Natasha
  1839 | D:2      | Killed Natasha
  2033 | D:3      | Found an ancient bone altar of Kikubaaqudgha.
  2324 | D:3      | Reached *** piety under Trog
  3051 | D:1      | Bought a scroll of identify for 20 gold pieces
  3051 | D:1      | Bought a scroll of fog for 20 gold pieces
  3051 | D:1      | Bought a scroll of identify for 20 gold pieces
  3182 | D:4      | Reached skill level 7 in Axes
  3182 | D:4      | Reached XP level 6. HP: 56/56 MP: 5/5
  3223 | D:4      | Noticed Ijyb
  3232 | D:4      | Killed Ijyb
  3297 | D:4      | Found a sacrificial altar of Ru.
  3474 | D:4      | Found a white marble altar of Elyvilon.
  3488 | D:4      | Noticed Blork the orc
  3503 | D:4      | Killed Blork the orc
  3504 | D:4      | Reached skill level 8 in Axes
  3737 | D:4      | Found a hazy altar of Hepliaklqana.
  3834 | D:4      | Reached skill level 9 in Axes
  3834 | D:4      | Reached XP level 7. HP: 30/61 MP: 3/6
  4167 | D:4      | Found a sparkling altar of Nemelex Xobeh.
  4343 | D:5      | Entered Level 5 of the Dungeon
  5804 | D:5      | Reached skill level 10 in Axes
  5857 | D:5      | Identified the +0 robe of Quxur {Will+}
  6034 | D:5      | Noticed Menkaure
  6047 | D:5      | Noticed Grinder
  6581 | D:5      | Killed Menkaure
  6854 | D:5      | Reached skill level 11 in Axes
  6875 | D:5      | Killed Grinder
  6876 | D:5      | Reached XP level 8. HP: 68/68 MP: 5/7
  7160 | D:6      | Identified a scroll of acquirement
  7200 | D:5      | Reached skill level 12 in Axes
  7645 | D:6      | You fall into a shaft and drop 3 floors!
  8029 | D:8      | Noticed Gastronok
  8066 | D:8      | Reached skill level 13 in Axes
  8401 | D:5      | Reached XP level 9. HP: 16/68 MP: 0/8
  8702 | D:5      | Reached skill level 14 in Axes
  8790 | D:6      | Found a glowing golden altar of the Shining One.
  8882 | D:6      | Reached **** piety under Trog
  9133 | D:6      | Found an ornate altar of the Wu Jian Council.
  9166 | D:6      | Found Maolyf's Armour Shop.
  9174 | D:6      | Upgraded the game from 0.28-a0-529-g3bad584f25 to
                  | 0.28-a0-535-g6f645e4c1d
  9409 | D:6      | Found a staircase to the Ecumenical Temple.
  9463 | D:6      | Acquired 753 gold pieces
  9508 | D:7      | Reached skill level 15 in Axes
 10164 | D:7      | Found a runed translucent gate.
 10165 | D:7      | Found a runed translucent gate.
 10173 | D:7      | Noticed Sargento's ghost (novice MiBe)
 10173 | D:7      | Noticed TrogsFancyHat's ghost (novice FoEE)
 10174 | D:7      | Found a runed translucent gate.
 10369 | D:7      | Found a shimmering altar of Xom.
 10378 | D:7      | Reached skill level 16 in Axes
 10508 | D:7      | Found a runed translucent door.
 10509 | D:7      | Noticed Crazy Yiuf
 10669 | D:7      | Reached skill level 1 in Evocations
 11125 | D:8      | Found a staircase to the Lair.
 11155 | D:8      | Killed from afar by Gastronok

Illustrated notes

Levels and vault maps discovered:
D:1:      lemuel_arrival_funnel, layout_loops_ring, serial_shops,
          nicolae_shop_stone, feat_on_display
D:2:      layout_basic, basic_ecumenical_altar, uniq_natasha
D:3:      layout_basic, mainiacjoe_overflow_tiny_flanked, serial_rivers,
          chequers_serial_rivers_room_b, chequers_serial_rivers_micro_b,
          chequers_serial_rivers_small_b, chequers_serial_rivers_micro_c,
          chequers_serial_rivers_small_b, chequers_serial_rivers_micro_b,
          chequers_serial_rivers_room_a, corexii_item_surrounded_by_moat
D:4:      layout_gridville, elyvilon_altar_3, nemelex_dance_club_becter,
          chequers_temple_overflow_statue_of_worship,
          minmay_misc_feat_more_columns, uniq_ijyb, uniq_blork_the_orc
D:5:      layout_gridville, minmay_crystal_water, grunt_ministairs_13,
          st_stairs_3, hex_tiny, uniq_grinder, uniq_menkaure
D:6:      layout_cave_pools, general_overflow_altar, tso_oasis_becter,
          minmay_temple_entry_fiery, chequers_ossuary_entry_cave, serial_shops,
          nicolae_shop_trees
D:7:      layout_gridville, led_xom_imps, gammafunk_ghost_cemetery,
          uniq_crazy_yiuf_cottage
D:8:      layout_cave_pods, lair_entry_dummy, minmay_crossroads, uniq_gastronok
D:9:      layout_rooms, makhleb_altar_promises_db,
          mainiacjoe_overflow_cross_hatched, serial_co_window_serial,
          co_window_corner_a, co_window_paths_a, co_window_cross_1,
          co_window_cross_1, co_window_of_opportunity_a,
          co_window_of_opportunity_b, co_window_corner_ca,
          co_window_of_opportunity_b

Skill      XL: |  1  2  3  4  5  6  7  8  9 |
---------------+----------------------------+-----
Fighting       | 4 5 |  5.8
Axes           | 4 6 7 9 11 13 16 | 16.0
Evocations     | 2 |  2.0
Armour         | |  2.4
Dodging        | |  2.1

Action                   |  1- 3 |  4- 6 |  7- 9 || total
-------------------------+-------+-------+-------++-------
Melee: Hand axe          |    61 |    25 |       ||    86
       Headbutt          |     9 |    22 |    42 ||    73
       War axe           |       |   103 |   221 ||   324
Throw: Dart              |       |       |    10 ||    10
Invok: Berserk           |       |     2 |     4 ||     6
       Trog's Hand       |       |     1 |     5 ||     6
  Use: Scroll            |       |     7 |     5 ||    12
       Potion            |       |     1 |       ||     1
Armor: Animal skin       |    16 |    12 |       ||    28
       Leather armour    |       |       |    84 ||    84
Dodge: Dodged            |    41 |    74 |   148 ||   263

Table legend: (Time is in decaauts)
 A = Elapsed time spent in this place.
 B = Non-inter-level travel time spent in this place.
 C = Inter-level travel time spent in this place.
 D = Time resting spent in this place.
 E = Time spent auto-exploring this place.
 F = Levels seen in this place.
 G = Mean time per level.
                   A        B        C        D        E       F      G
               +--------+--------+--------+--------+--------+-----+--------+
         Total |  11242 |  10735 |    507 |   4440 |   4635 |   9 | 1249.1 |
       Dungeon |  11242 |  10735 |    507 |   4440 |   4635 |   9 | 1249.1 |
               +--------+--------+--------+--------+--------+-----+--------+

Top non-repeatable levels by time:
     D:5: 3252 daAuts
     D:7: 1592 daAuts
     D:4: 1561 daAuts
     D:2: 1117 daAuts
     D:3: 1110 daAuts
     D:1: 974 daAuts
     D:6: 817 daAuts
     D:8: 788 daAuts
     D:9: 26 daAuts
